 Dungeon Crawl Stone Soup version 0.22.1-1-ga44c0e5 (webtiles) character file.

382 Jamjie98 the Firebug (level 6, -1/46 HPs)
             Began as a Draconian Fire Elementalist on Oct 1, 2018.
             Was an Initiate of Elyvilon.
             Killed from afar by an orc wizard (12 damage)
             ... with a puff of flame
             ... on level 4 of the Dungeon.
             The game lasted 00:24:01 (3453 turns).

Jamjie98 the Firebug (Draconian Fire Elementalist)  Turns: 3453, Time: 00:24:02

Health: -1/46      AC:  7    Str: 10    XL:     6   Next: 47%
Magic:  1/11       EV: 12    Int: 17    God:    Elyvilon [......]
Gold:   112        SH:  0    Dex: 12    Spells: 6/12 levels left

rFire    . . .     SeeInvis .   l - +6 club
rCold    . . .     Gourm    .   (no shield)
rNeg     . . .     Faith    .   (armour unavailable)
rPois    .         Spirit   .   (helmet restricted)
rElec    .         Reflect  .   (no cloak)
rCorr    .         Harm     +   n - +0 pair of gloves
MR       .....                  (no boots)
Stlth    ++........             g - amulet of harm
HPRegen  0.15/turn              (no ring)
MPRegen  0.12/turn              (no ring)

@: no status effects
A: unfitting armour, cold-blooded, AC +6
a: Renounce Religion


You were on level 4 of the Dungeon.
You worshipped Elyvilon.
Elyvilon was noncommittal.
You were hungry.

You visited 1 branch of the dungeon, and saw 4 of its levels.

You collected 112 gold pieces.

Inventory:

Hand Weapons
 c - a +0 dagger
 d - a +0 mace
 e - a +0 club
 f - a +0 club
 h - a +0 hand axe
 j - a +3 dagger
 l - a +6 club (weapon)
 q - a +0 spear
 D - a -3 scythe
 H - a +3 spear
Missiles
 a - 148 stones (quivered)
 p - 21 poisoned needles
 t - 30 sling bullets
Armour
 k - a +0 pair of gloves
 m - a +2 robe
 n - a +0 pair of gloves (worn)
 o - a +0 robe
 v - a +0 shield
 x - a +0 buckler
 E - a +0 robe
Jewellery
 g - an amulet of harm (around neck)
Wands
 s - a wand of polymorph (9)
Scrolls
 i - 3 scrolls of identify {unknown}
 r - a scroll of immolation {unknown}
 u - a scroll of random uselessness {unknown}
 w - a scroll of amnesia {unknown}
 y - a scroll of fog {unknown}
 z - a scroll of remove curse
 F - a scroll of enchant armour {unknown}
Potions
 A - 2 potions of might {unknown}
 B - a potion of curing
 G - a potion of lignification {unknown}
Comestibles
 b - 4 rations
 C - 6 chunks of flesh


   Skills:
 + Level 0.7 Fighting
 + Level 1.2 Maces & Flails
 + Level 2.5 Dodging
 + Level 2.1 Stealth
 + Level 3.7 Spellcasting
 + Level 3.1 Conjurations
 + Level 4.6 Fire Magic


You had 6 spell levels left.
You knew the following spells:

 Your Spells              Type           Power        Failure   Level  Hunger
a - Flame Tongue          Conj/Fire      ###..        3%          1    None
b - Conjure Flame         Conj/Fire      ###.....     10%         3    ###....
c - Throw Flame           Conj/Fire      ###...       4%          2    ##.....

Your spell library contained the following spells:

 Spells                   Type           Power        Failure   Level  Hunger
 Inner Flame              Hex/Fire       ##......     19%         3    ###....
 Sticky Flame             Conj/Fire      ###.....     32%         4    ####...
 Fireball                 Conj/Fire      ###.......   67%         5    ######.


Dungeon Overview and Level Annotations

Branches:
Dungeon (4/15)
 Temple: D:4-7

Altars:
Ashenzari
Elyvilon
Hepliaklqana


Innate Abilities, Weirdness & Mutations

Your plain brown scales are hard. (AC +6)
You cannot fit into any form of body armour.
You are cold-blooded and may be slowed by cold attacks.


Message History

* * * LOW HITPOINT WARNING * * *
Casting: Flame Tongue (safe; 3% risk of failure)
Confirm with . or Enter, or press ? or * to list all spells.
Aiming: Flame Tongue (safe; 3% risk of failure)
Press: ? - help, Shift-Dir - straight line, f/p - orc wizard
Aim: an orc wizard, wielding a dagger and wearing an embroidered robe (severely The flame tongue hits the orc wizard.
The orc wizard resists.
The orc wizard is severely wounded.
The orc wizard closely misses you.
You closely miss the orc wizard.
The orc wizard is severely wounded.
The orc wizard misses you.
You barely miss the orc wizard.
The orc wizard is severely wounded.
The orc wizard hits you but does no damage.
You hit the orc wizard.
The orc wizard is almost dead.
The orc wizard gestures at you while chanting.
The puff of flame hits you!
You die...

##.#
#.#.....##.......#
#...#
#...##..##.......#
.....#
#.####..#####....#
S.....##.# #..#
####.# .._......#
#..## #o# ......#.##
#...# #.#
.....##.#####...###
#.#
#...##..<##.......#
#.# ##.
#...o@........#####.#
#
#.....#.!.....).....#
#...........#########
#.....##....#
##...######## .....
######


You could see an orc wizard.

Vanquished Creatures
  Sigmund (D:3)
  An orc wizard (D:4)
  Jessica (D:2)
  Natasha (D:3)
  3 gnolls (D:3)
  4 adders (D:3)
  A worm (D:3)
  A dart slug (D:3)
  2 leopard geckos
  4 orcs (D:4)
  9 ball pythons
  4 giant cockroaches (D:1)
  6 goblins (D:1)
  8 hobgoblins
  3 jackals (D:4)
  6 kobolds
  3 quokkas
  5 bats
  2 frilled lizards (D:3)
  5 rats
70 creatures vanquished.

Notes
Turn   | Place    | Note
-------+----------+-------------------------------------------
     0 | D:1      | Jamjie98 the Draconian Fire Elementalist began the quest
                  | for the Orb.
     0 | D:1      | Reached XP level 1. HP: 14/14 MP: 3/3
   249 | D:1      | Reached XP level 2. HP: 18/20 MP: 3/5
  1129 | D:2      | Noticed Jessica
  1142 | D:2      | Killed Jessica
  1142 | D:2      | Reached XP level 3. HP: 26/26 MP: 0/6
  1656 | D:2      | Learned a level 3 spell: Conjure Flame
  1659 | D:2      | Learned a level 2 spell: Throw Flame
  1955 | D:3      | Reached XP level 4. HP: 33/33 MP: 5/7
  2129 | D:3      | Reached skill level 4 in Fire Magic
  2160 | D:3      | HP: 1/33 [gnoll/spear (6)]
  2705 | D:3      | Noticed Natasha
  2711 | D:3      | Killed Natasha
  2784 | D:3      | Reached XP level 5. HP: 28/38 MP: 1/9
  2837 | D:3      | Noticed Sigmund
  2843 | D:3      | Killed Sigmund
  2843 | D:3      | Reached skill level 1 in Maces & Flails
  2843 | D:3      | Reached XP level 6. HP: 42/46 MP: 2/11
  3351 | D:4      | Found a hazy altar of Hepliaklqana.
  3351 | D:4      | Found a white marble altar of Elyvilon.
  3360 | D:4      | Became a worshipper of Elyvilon the Healer
  3437 | D:4      | Found a shattered altar of Ashenzari.
  3453 | D:4      | Killed from afar by an orc wizard

Skill      XL: |  1  2  3  4  5  6 |
---------------+-------------------+-----
Dodging        | 2 |  2.5
Conjurations   | 2 3 |  3.1
Fire Magic     | 4 |  4.6
Maces & Flails | 1 |  1.2
Stealth        | 2 |  2.1
Spellcasting   | 3 |  3.7
Fighting       | |  0.7

Action                   |  1- 3 |  4- 6 || total
-------------------------+-------+-------++-------
Melee: Unarmed           |     7 |       ||     7
       Tailslap          |     5 |       ||     5
       Mace              |     8 |       ||     8
       Dagger            |     2 |       ||     2
       Club              |     5 |    21 ||    26
 Cast: Flame Tongue      |    53 |    78 ||   131
       Throw Flame       |       |     3 ||     3
Evoke: Wand              |       |     1 ||     1
  Use: Scroll            |     1 |     1 ||     2
       Potion            |       |     1 ||     1
  Eat: Chunk             |     4 |     1 ||     5
       Ration            |       |     1 ||     1
Armor: Skin              |    12 |    31 ||    43
Dodge: Dodged            |    22 |    48 ||    70
